 Dungeon Crawl Stone Soup version 0.21.0-25-ge575cb9ce8 (webtiles) character file.

317 Peloso the Shield-Bearer (level 6, 0/42 HPs)
             Began as a Halfling Fighter on Jan 25, 2018.
             Slain by Grinder (4 damage)
             ... on level 3 of the Dungeon.
             The game lasted 00:04:55 (2517 turns).

Peloso the Shield-Bearer (Halfling Fighter)         Turns: 2517, Time: 00:04:56

Health: 0/42       AC:  7    Str: 19    XL:     6   Next: 74%
Magic:  6/6        EV: 10    Int:  6    God:
Gold:   132        SH: 11    Dex: 14    Spells: 5/5 levels left

rFire    . . .     SeeInvis .   a - +1 long sword
rCold    . . .     Gourm    .   c - +1 shield
rNeg     . . .     Faith    .   b - +0 scale mail
rPois    .         Spirit   .   (no helmet)
rElec    .         Reflect  .   (no cloak)
rCorr    .         Harm     .   (no gloves)
MR       .....                  (no boots)
Stlth    ..........             (no amulet)
HPRegen  0.14/turn              (no ring)
MPRegen  0.10/turn              (no ring)

@: no status effects
A: small, mutation resistance 1
a: no special abilities


You were on level 3 of the Dungeon.
You were hungry.

You visited 1 branch of the dungeon, and saw 3 of its levels.

You collected 132 gold pieces.

Inventory:

Hand Weapons
 a - a +1 long sword (weapon)
Armour
 b - a +0 scale mail (worn)
 c - a +1 shield (worn)
Scrolls
 g - a scroll of blinking
Potions
 d - a potion of might
 j - a potion of magic
 k - 2 potions of heal wounds
 l - a potion of berserk rage
 o - 3 potions of curing
 p - a potion of flight {unknown}
Comestibles
 f - 7 rations


   Skills:
 + Level 3.3 Fighting
 + Level 4.1 Long Blades
 + Level 4.3 Armour
 + Level 1.5 Dodging
 + Level 0.8 Stealth
 + Level 4.9 Shields


You had 5 spell levels left.
You didn't know any spells.

Dungeon Overview and Level Annotations

Branches:
Dungeon (3/15)

Altars:
Nemelex Xobeh
The Shining One

Annotations:
D:3 Grinder


Innate Abilities, Weirdness & Mutations

You are small and have problems with some larger weapons.
You are somewhat resistant to further mutation.


Message History

You barely miss Grinder.
Grinder is severely wounded.
Grinder gestures at you.
You barely resist. Grinder hits you.
You writhe in agony.
* * * LOW HITPOINT WARNING * * *
You barely miss Grinder.
Grinder is severely wounded.
Grinder blinks!
You block Grinder's attack. Grinder gestures at you.
Pain shoots through your body!
* * * LOW HITPOINT WARNING * * *
Grinder hits you but does no damage.
You hit Grinder but do no damage.
Grinder is severely wounded.
You block Grinder's attack.
You hit Grinder.
Grinder is almost dead.
Grinder hits you.
You die...

.#######.###########
.........# ########.#
### #.# ..# #.# #.# #.#
#.# ####### #.# #.#
#.....# #.###########
#.# ##..?.@#
##.##......... #)#
##.....5###........#####
#.# #..................#
# #.#
#.......#.#........# #
..# #..##..............#
# ###
#..######.##.......# #
#......(..##.......# #
#.....######.......# #
#..##.# ##...###### #


You could see Grinder.

Vanquished Creatures
  The ghost of Peloso the Shield-Bearer, an amateur HaFi (D:3)
  5 adders
  An ooze (D:3)
  4 worms
  2 dart slugs
  A leopard gecko (D:3)
  An orc (D:3)
  11 bats
  4 giant cockroaches
  4 goblins
  5 hobgoblins
  14 jackals
  A ball python (D:3)
  3 frilled lizards
  7 kobolds
  2 rats (D:1)
66 creatures vanquished.

Notes
Turn   | Place    | Note
-------+----------+-------------------------------------------
     0 | D:1      | Peloso the Halfling Fighter began the quest for the Orb.
     0 | D:1      | Reached XP level 1. HP: 15/15 MP: 1/1
   164 | D:1      | Reached XP level 2. HP: 20/20 MP: 2/2
   429 | D:1      | Reached XP level 3. HP: 23/25 MP: 3/3
   907 | D:2      | Reached XP level 4. HP: 19/31 MP: 4/4
  1129 | D:2      | Found a glowing golden altar of the Shining One.
  1510 | D:3      | Reached XP level 5. HP: 10/36 MP: 5/5
  1767 | D:3      | Noticed Peloso's ghost (amateur HaFi)
  1782 | D:3      | Killed Peloso's ghost
  1782 | D:3      | Reached skill level 1 in Dodging
  1782 | D:3      | Reached XP level 6. HP: 10/42 MP: 6/6
  2094 | D:3      | Found a sparkling altar of Nemelex Xobeh.
  2502 | D:3      | Noticed Grinder
  2517 | D:3      | Slain by Grinder

Skill      XL: |  1  2  3  4  5 |
---------------+----------------+-----
Shields        | 4 |  4.9
Fighting       | 3 |  3.3
Long Blades    | 3 4 |  4.1
Armour         | 4 |  4.3
Dodging        | 1 |  1.5
Stealth        | |  0.8

Action                   |  1- 3 |  4- 6 || total
-------------------------+-------+-------++-------
Melee: Long sword        |    84 |   137 ||   221
  Use: Potion            |       |     1 ||     1
       Scroll            |       |     8 ||     8
  Eat: Chunk             |       |     5 ||     5
Armor: Scale mail        |    71 |    46 ||   117
Dodge: Dodged            |    43 |    47 ||    90
Block: Shield            |    72 |    82 ||   154
       Rpst.: Long sword |    12 |    14 ||    26
